 Dungeon Crawl Stone Soup version 0.18.1-8-gdd0e5ea (console) character file.

136 Kloppie the Chopper (level 4, -1/40 HPs)
             Began as a Minotaur Gladiator on June 4, 2016.
             Slain by Sigmund
             ... wielding a +0 scythe
              (4 damage)
             ... on level 2 of the Dungeon.
             The game lasted 00:02:25 (1377 turns).

Kloppie the Chopper (Minotaur Gladiator)            Turns: 1377, Time: 00:02:25

Health: -1/40      AC:  5    Str: 20    XL:     4   Next: 98%
Magic:  3/3        EV: 12    Int:  5    God:
Gold:   37         SH:  0    Dex: 11    Spells: 0 memorised, 3 levels left

rFire  . . .     SeeInvis .     a - +0 war axe
rCold  . . .     Gourm    .     i - +0 ring mail
rNeg   . . .     Faith    .     (no shield)
rPois  .         Spirit   .     c - +0 hat
rElec  .         Dismiss  .     (no cloak)
rCorr  .         Reflect  .     (no gloves)
SustAt .         Harm     .     (no boots)
MR     .....                    (no amulet)
Stlth  +.........               (no ring)
                                (no ring)

@: not resistant to hostile enchantments, very unstealthy
A: retaliatory headbutt, horns 2
a: no special abilities


You were on level 2 of the Dungeon.
You were hungry.

You visited 1 branch of the dungeon, and saw 2 of its levels.

You collected 37 gold pieces.

Inventory:

Hand Weapons
 a - a +0 war axe (weapon)
Missiles
 d - 2 throwing nets (quivered)
Armour
 c - a +0 hat (worn)
 h - a +0 hat
 i - a +0 ring mail (worn)
Scrolls
 b - 2 scrolls of amnesia {unknown}
 e - a scroll of identify {unknown}
 j - a scroll of enchant armour {unknown}
 l - 3 scrolls of teleportation {unknown}
Potions
 k - a potion of magic {unknown}
Comestibles
 f - a bread ration
 g - 2 meat rations
 m - 3 chunks of flesh


   Skills:
 + Level 3.7 Fighting
 + Level 5.2 Axes
 - Level 2.0 Throwing
 + Level 2.9 Armour
 - Level 3.2 Dodging


You had 3 spell levels left.
You didn't know any spells.

Dungeon Overview and Level Annotations

Branches:
Dungeon (2/15)

Altars:
Sif Muna
Vehumet

Annotations:
D:2 Sigmund


Innate Abilities, Weirdness & Mutations

You reflexively headbutt those who attack you in melee.
You have a pair of horns on your head.


Message History

Anything else - Stay silent.
Okay, then.
Throwing (i - inventory):
d - 3 throwing nets (quivered)
Press: ? - help, Shift-Dir - straight line You throw a throwing net.
Something gets caught in the net!
The jackal barks!
Something wriggles in the net.
A jackal comes into view.
The jackal barks!
The jackal moves out of view.
You hear some strange, mumbled words.
A puff of flame appears from out of thin air!
The puff of flame hits you!
* * * LOW HITPOINT WARNING * * *
Something wriggles in the net.
You slash something! You hit something.
Something wriggles in the net.
You hit something.
Something wriggles in the net. x2
You slash something! Something hits you.
You die...

#........#.# ### #.#
........#.# #.# #.#
....(..#.###.### #.# #
#.[..#.......#####.. #.
#...#.###.#...##..#
##_.♣#.(...........##..#
#8...'.#######.....##..#
##_.♣#.########....##..#
#. #.@................
#{########.........


.hhh ............ ....h## ###....##... ...#...# #.#####..# .. #...# #. #..# .
..... #. #... ...... #.## #### #..# # You could see 3 jackals.

Vanquished Creatures
  4 gnolls
  3 adders (D:2)
  An ooze (D:1)
  A worm (D:2)
  3 dart slugs
  6 hobgoblins
  11 jackals (D:1)
  A ball python (D:1)
  3 bats
  4 giant newts (D:2)
  9 goblins
  6 kobolds
  7 rats
59 creatures vanquished.

Notes
Turn   | Place    | Note
--------------------------------------------------------------
     0 | D:1      | Kloppie the Minotaur Gladiator began the quest for the Orb.
     0 | D:1      | Reached XP level 1. HP: 18/18 MP: 0/0
     6 | D:1      | Reached skill level 1 in Armour
    13 | D:1      | Reached XP level 2. HP: 24/25 MP: 1/1
    20 | D:1      | Reached skill level 4 in Axes
   308 | D:1      | Reached XP level 3. HP: 29/30 MP: 2/2
   683 | D:2      | Reached XP level 4. HP: 28/38 MP: 3/3
   744 | D:2      | Reached skill level 5 in Axes
  1354 | D:2      | Found a deep blue altar of Sif Muna.
  1357 | D:2      | Found a radiant altar of Vehumet.
  1357 | D:2      | Noticed Sigmund
  1373 | D:2      | HP: 2/40 [something/puff of flame (6)]
  1377 | D:2      | Slain by Sigmund

Skill      XL: |  1  2  3  4 |
---------------+-------------+-----
Armour         | 1 2 |  2.9
Axes           | 4 5 |  5.2
Fighting       | 3 |  3.7
Throwing       | |  2.0
Dodging        | |  3.2

Action                   |  1- 3 |  4- 6 || total
-------------------------+-------+-------++-------
Melee: War axe           |    51 |    46 ||    97
       Headbutt          |    11 |     7 ||    18
Throw: Throwing net      |       |     1 ||     1
 Stab: Sleeping          |     1 |       ||     1
  Eat: Chunk             |       |     1 ||     1
Armor: Leather armour    |     7 |       ||     7
       Ring mail         |    13 |    10 ||    23
Dodge: Dodged            |    46 |    27 ||    73
